 Dungeon Crawl Stone Soup version 0.23.2-1-ga50397a (webtiles) character file.

Game seed: 9395162370713047477

58670 funkygono the Quickloader (level 14, -5/108 HPs)
             Began as a Gnoll Earth Elementalist on May 4, 2019.
             Was a High Priest of Vehumet.
             Slain by a hell hound (11 damage)
             ... led by Azrael
             ... on level 11 of the Dungeon on May 5, 2019.
             The game lasted 01:56:20 (27421 turns).

funkygono the Quickloader (GnEE)                   Turns: 27421, Time: 01:56:21

Health: -5/108     AC: 20    Str: 13    XL:     14   Next: 91%
Magic:  36/37      EV: 20    Int: 20    God:    Vehumet [*****.]
Gold:   1778       SH:  0    Dex: 16    Spells: 1/34 levels left

rFire    . . .     SeeInvis +   R - +8 glaive of the Guard {elec, +Rage AC+5 SInv}
rCold    + + .     Gourm    .   (shield currently unavailable)
rNeg     . . .     Faith    .   U - +1 robe of the Chupacabra {rC+}
rPois    .         Spirit   .   W - +2 hat {MR+}
rElec    .         Reflect  .   Y - +2 cloak {rC+}
rCorr    .         Harm     .   A - +1 pair of gloves
MR       ++...                  D - +2 pair of boots
Stlth    +++++.....             B - amulet of the acrobat
HPRegen  0.28/turn              J - ring of wizardry
MPRegen  0.25/turn              l - ring of magical power

@: studying Crossbows, invisible
A: distributed training, fangs 1, strong nose
a: Renounce Religion, Evoke Berserk Rage


You were on level 11 of the Dungeon.
You worshipped Vehumet.
Vehumet was extremely pleased with you.
You were not hungry.

You visited 4 branches of the dungeon, and saw 20 of its levels.
You also visited: Sewer and Ice Cave.

You collected 1778 gold pieces.

Inventory:

Hand Weapons
 e - a +6 quarterstaff of chaos
 f - a +0 quarterstaff of speed
 p - a +2 dagger of venom
 q - a +8 dire flail of protection
 R - the +8 glaive of the Guard (weapon) {elec, +Rage AC+5 SInv}
   (You found it in an ice cave)

   Occasionally, upon striking a foe, it will discharge some electrical energy
   and cause terrible harm.
   It affects your AC (+5).
   It lets you see invisible.
   It lets you go berserk.
Missiles
 b - 412 stones (quivered)
Armour
 j - a +2 helmet
 s - a +2 cloak of magic resistance
 A - a +1 pair of gloves (worn)
 D - a +2 pair of boots (worn)
 U - the +1 robe of the Chupacabra (worn) {rC+}
   (You found it on level 8 of the Dungeon)

   It protects you from cold.
 W - a +2 hat of magic resistance (worn)
 Y - a +2 cloak of cold resistance (worn)
Jewellery
 l - a ring of magical power (right hand)
 u - an uncursed ring of ice
 B - an amulet of the acrobat (around neck)
 G - an uncursed ring of fire
 H - an uncursed amulet of guardian spirit
 J - a ring of wizardry (left hand)
 O - an uncursed ring of protection from magic
Wands
 i - a wand of polymorph (7)
 F - a wand of digging (6)
 N - a wand of acid (11)
 S - a wand of flame (37)
 V - a wand of iceblast (18)
Scrolls
 a - 6 scrolls of fog
 c - 4 scrolls of identify
 g - 2 scrolls of magic mapping
 h - 4 scrolls of blinking
 k - 9 scrolls of teleportation
 m - 6 scrolls of remove curse
 w - a scroll of silence
 I - a scroll of amnesia
 Q - 5 scrolls of fear
Potions
 n - 2 potions of lignification
 o - a potion of invisibility
 r - 5 potions of might
 t - 5 potions of flight
 v - 8 potions of curing
 x - a potion of mutation
 z - 2 potions of agility
 C - 3 potions of ambrosia
 E - a potion of magic
 L - 4 potions of heal wounds
 M - 4 potions of brilliance
 P - a potion of resistance
 T - 2 potions of cancellation
 X - a potion of haste
Books
 K - a manual of Crossbows
Miscellaneous
 y - a phial of floods
Comestibles
 d - 26 rations


   Skills:
 + Level 9.4 Fighting
 + Level 9.4 Short Blades
 + Level 9.4 Long Blades
 + Level 9.4 Axes
 + Level 9.4 Maces & Flails
 + Level 9.4 Polearms
 + Level 9.4 Staves
 + Level 9.4 Slings
 + Level 9.4 Bows
 + Level 11.3 Crossbows
 + Level 9.4 Throwing
 + Level 9.4 Armour
 + Level 10.4 Dodging
 + Level 10.3 Stealth
 + Level 9.4 Shields
 + Level 9.4 Unarmed Combat
 + Level 10.6 Spellcasting
 + Level 7.9 Conjurations
 + Level 7.9 Hexes
 + Level 7.9 Charms
 + Level 7.9 Summonings
 + Level 7.9 Necromancy
 + Level 7.9 Translocations
 + Level 8.2 Transmutations
 + Level 7.9 Fire Magic
 + Level 7.9 Ice Magic
 + Level 7.9 Air Magic
 + Level 9.6 Earth Magic
 + Level 7.9 Poison Magic
 + Level 10.2 Invocations
 + Level 9.4 Evocations


You had one spell level left.
You knew the following spells:

 Your Spells              Type           Power        Failure   Level  Hunger
a - Sandblast             Erth           #####.       1%          1    None
b - Bolt of Fire          Conj/Fire      #####.....   4%          6    ######.
c - Stone Arrow           Conj/Erth      #####.       1%          3    None
d - Fulminant Prism       Conj/Hex       #####.....   1%          4    ##.....
e - Lee's Rapid Deconstr  Erth           #####.....   1%          5    ####...
f - Dazzling Spray        Conj/Hex       #####.       1%          3    None
g - Freeze                Ice            ####         1%          1    None
h - Searing Ray           Conj           #####.       1%          2    None
i - Ozocubu's Armour      Chrm/Ice       #####...     1%          3    None
j - Bolt of Magma         Conj/Fire/Erth #####.....   1%          5    ####...

Your spell library contained the following spells:

 Spells                   Type           Power        Failure   Level  Hunger
 Conjure Ball Lightning   Conj/Air       #####.....   4%          6    ######.
 Confusing Touch          Hex            #####.       1%          1    None
 Corona                   Hex            #####..      1%          1    None
 Shock                    Conj/Air       ####         1%          1    None
 Ensorcelled Hibernation  Hex/Ice        #####.       1%          2    None
 Passwall                 Tmut/Erth      #####...     1%          2    None
 Swiftness                Chrm/Air       #####...     1%          2    None
 Throw Frost              Conj/Ice       #####.       1%          2    None
 Confuse                  Hex            #####...     1%          3    None
 Gell's Gravitas          Tloc           #####.....   1%          3    None
 Static Discharge         Conj/Air       #####...     1%          3    None
 Tukima's Dance           Hex            #####...     1%          3    None
 Airstrike                Air            #####.....   1%          4    ##.....
 Animate Dead             Necr           N/A          1%          4    ##.....
 Cause Fear               Hex            #####.....   1%          4    ##.....
 Leda's Liquefaction      Hex/Erth       #####.....   1%          4    ##.....
 Petrify                  Tmut/Erth      #####...     1%          4    ##.....
 Summon Ice Beast         Ice/Summ       #####...     1%          4    ##.....
 Throw Icicle             Conj/Ice       #####...     1%          4    ##.....
 Borgnjor's Vile Clutch   Necr/Erth      #####.....   1%          5    ####...
 Lightning Bolt           Conj/Air       #####.....   1%          5    ####...
 Yara's Violent Unravell  Hex/Tmut       #####.....   1%          5    ####...
 Metabolic Englaciation   Hex/Ice        #####.....   2%          5    ####...
 Silence                  Hex/Air        #####.....   2%          5    ####...
 Deflect Missiles         Chrm/Air       #####.....   16%         6    ######.
 Simulacrum               Ice/Necr       #####.....   16%         6    ######.
 Discord                  Hex            #####.....   99%         8    #######


Dungeon Overview and Level Annotations

Branches:
Dungeon (11/15)            Temple (1/1) D:6            Lair (6/6) D:9
  Swamp (0/4) Lair:3       Spider (0/4) Lair:2        Slime (0/5) Lair:5
    Orc (2/2) D:11
    Elf: Orc:2

Altars:
Ashenzari
Cheibriados
Dithmenos
Elyvilon
Fedhas
Gozag
Hepliaklqana
Kikubaaqudgha
Makhleb
Nemelex Xobeh
Okawaru
Qazlal
Ru
Sif Muna
Trog
Uskayaw
Vehumet
Wu Jian
Xom
Yredelemnul
Zin
The Shining One

Shops:
D:5 %   D:9 (   D:10 *

Annotations:
Lair:1 1 runed translucent door, Borbor's ghost, journeyman MiFi
Lair:5 1 runed translucent door, Wander's ghost, journeyman HuWn
Orc:1 Azrael


Innate Abilities, Weirdness & Mutations

Your experience applies equally to all skills.
You have very sharp teeth.
Your uncanny sense of smell can sniff out nearby items.


Message History

The fireball explodes!
The fireball engulfs the hell hound.
The hell hound completely resists.
The fireball engulfs you!
* * * LOW HITPOINT WARNING * * *
The fireball engulfs the hell hound.
The hell hound completely resists.
You see here a +0 short sword.
Azrael gestures at you.
The fireball explodes!
The fireball engulfs the hell hound.
The hell hound completely resists.
The fireball engulfs you!
* * * LOW HITPOINT WARNING * * *
The fireball engulfs the hell hound.
The hell hound completely resists.
The hell hound completely misses you. x2
There is a staircase back to the Dungeon, spattered with blood here.
The hell hound misses you. The hell hound completely misses you.
You climb upwards.
Welcome back to the Dungeon!
There is a staircase to the Orcish Mines here.
You can't go up here!
You can't go up here!
You fade into invisibility!
The hell hound bites you!
You die...

#.......##...).......#.##........
.........###........####.........
..........##.......#.##..........
.########..####..[.####..........
.# ########.### #........## .#
#.##8.8# #........# .# #..##'##
#.....>..# .# #..#.h.# #..>.....#
.# #..#.@.# #........# .#
#..#.h.#####........## .#
######..#####.............. .#
#......## ##......#####..
.######...†..# #......# #..
.............# #......# #..
.............# #......# #..
.............#######......#####..
######...........................


You could see 2 hell hounds.

Vanquished Creatures
  A frost giant (IceCv)
  Snorg (Lair:3)
  Josephine (D:10)
  Fannar (Lair:2)
  7 hydras
  Erica (Orc:1)
  A two-headed ogre (D:8)
  The ghost of Jaiteiro the Blocker, a novice GnFi of Qazlal (D:10)
  Urug (D:10)
  Nergalle (Orc:1)
  Sonja (Orc:1)
  2 oklob plants (Lair:5)
  8 black mambas
  8 elephants
  Psyche (D:8)
  An ice statue (IceCv)
  9 spiny frogs
  4 rime drakes
  5 komodo dragons
  2 jumping spiders (Lair:2)
  2 trolls
  25 polar bears
  Grinder (D:4)
  11 dream sheep
  3 raiju (Lair:6)
  6 blink frogs
  7 hippogriffs
  3 redbacks (Lair:2)
  A shadow (D:11)
  3 wyverns
  35 yaks
  3 wraiths (D:10)
  2 steam dragons
  2 basilisks
  A hungry ghost (D:10)
  Grum (D:10)
  Menkaure (D:6)
  6 wargs (Lair:6)
  4 insubstantial wisps (Lair:3)
  Duvessa (D:6)
  12 hell hounds
  8 orc warriors
  11 water moccasins
  4 porcupines
  A hornet zombie (D:10)
  12 ice beasts
  12 black bears
  2 eyes of draining (D:3)
  A phantom (D:8)
  2 swamp drakes (Lair:6)
  A sky beast (D:11)
  A centaur (D:7)
  43 wolves
  9 ogres
  13 crocodiles
  5 big kobolds
  10 bullfrogs
  Dowan (D:6)
  A wyvern skeleton (D:10)
  10 killer bees
  4 wights (D:8)
  6 howler monkeys
  6 crimson imps
  6 hounds
  A centaur zombie (D:10)
  3 centaur skeletons
  2 jellies
  Crazy Yiuf (D:2)
  11 orc priests
  14 orc wizards
  An iguana (D:10)
  2 bullfrog skeletons
  5 worker ants
  A hound zombie (D:5)
  4 hound skeletons
  A worker ant zombie (D:6)
  Robin (D:2)
  A gnoll (D:2)
  15 adders
  13 river rats (Sewer)
  3 shadow imps
  2 oozes
  2 adder zombies (D:8)
  3 worms
  7 leopard geckos
  64 orcs
  8 giant cockroaches
  8 hobgoblins
  15 jackals
  3 quokkas
  8 ball pythons
  11 bats
  10 frilled lizards
  15 goblins
  30 kobolds
  A quokka skeleton (D:5)
  19 rats
  A fungus (D:2)
642 creatures vanquished.

Vanquished Creatures (others)
  2 wolves (Lair:3)
  A fire vortex (Orc:1)
  5 fungi
  17 plants
  2 withered plants (Lair:5)
27 creatures vanquished.

Grand Total: 669 creatures vanquished

Notes
Turn   | Place    | Note
-------+----------+-------------------------------------------
     0 | D:1      | funkygono the Gnoll Earth Elementalist began the quest for
                  | the Orb.
     0 | D:1      | Reached XP level 1. HP: 13/13 MP: 6/6
   203 | D:1      | Reached XP level 2. HP: 19/19 MP: 5/7
   800 | D:1      | Reached XP level 3. HP: 25/25 MP: 9/9
   838 | D:1      | Reached skill level 5 in Spellcasting
   912 | D:2      | Learned a level 2 spell: Passwall
   916 | D:2      | Learned a level 3 spell: Stone Arrow
  1135 | D:2      | Reached skill level 1 in Invocations
  1137 | D:2      | Reached skill level 1 in Fighting
  1137 | D:2      | Reached skill level 1 in Short Blades
  1137 | D:2      | Reached skill level 1 in Long Blades
  1137 | D:2      | Reached skill level 1 in Axes
  1137 | D:2      | Reached skill level 1 in Maces & Flails
  1137 | D:2      | Reached skill level 1 in Polearms
  1137 | D:2      | Reached skill level 1 in Staves
  1137 | D:2      | Reached skill level 1 in Slings
  1137 | D:2      | Reached skill level 1 in Bows
  1137 | D:2      | Reached skill level 1 in Crossbows
  1137 | D:2      | Reached skill level 1 in Throwing
  1137 | D:2      | Reached skill level 1 in Armour
  1137 | D:2      | Reached skill level 1 in Shields
  1137 | D:2      | Reached skill level 1 in Unarmed Combat
  1137 | D:2      | Reached skill level 1 in Evocations
  1139 | D:2      | Reached XP level 4. HP: 32/32 MP: 11/11
  1201 | D:2      | Noticed Robin
  1230 | D:2      | Killed Robin
  1294 | D:2      | Reached skill level 1 in Conjurations
  1294 | D:2      | Reached skill level 1 in Hexes
  1294 | D:2      | Reached skill level 1 in Charms
  1294 | D:2      | Reached skill level 1 in Summonings
  1294 | D:2      | Reached skill level 1 in Necromancy
  1294 | D:2      | Reached skill level 1 in Translocations
  1294 | D:2      | Reached skill level 1 in Fire Magic
  1294 | D:2      | Reached skill level 1 in Ice Magic
  1294 | D:2      | Reached skill level 1 in Air Magic
  1294 | D:2      | Reached skill level 1 in Poison Magic
  1902 | D:2      | Found a runed translucent door.
  1903 | D:2      | Noticed Crazy Yiuf
  1910 | D:2      | Killed Crazy Yiuf
  1910 | D:2      | Reached XP level 5. HP: 37/37 MP: 12/12
  1933 | D:2      | Learned a level 4 spell: Petrify
  2070 | D:3      | Found a bloodstained altar of Trog.
  2070 | D:3      | Noticed an eye of draining
  2071 | D:3      | Noticed an eye of draining
  2089 | D:3      | Killed an eye of draining
  2089 | D:3      | Reached XP level 6. HP: 44/44 MP: 0/13
  2090 | D:3      | Killed an eye of draining
  2090 | D:3      | Reached skill level 2 in Crossbows
  2090 | D:3      | Reached skill level 5 in Dodging
  2269 | D:3      | Learned a level 5 spell: Lee's Rapid Deconstruction
  2583 | D:4      | Reached XP level 7. HP: 50/50 MP: 15/15
  2591 | D:4      | Noticed Grinder
  2602 | D:4      | Killed Grinder
  2602 | D:4      | Reached skill level 5 in Stealth
  2640 | D:4      | Reached XP level 8. HP: 27/57 MP: 16/16
  3178 | D:5      | Entered Level 5 of the Dungeon
  3178 | D:5      | Found Tudwap Helo's Food Emporium.
  3181 | D:5      | Reached skill level 3 in Crossbows
  3247 | D:5      | Noticed a wyvern
  3259 | D:5      | Killed a wyvern
  4017 | D:6      | Reached XP level 9. HP: 65/65 MP: 18/18
  4025 | D:6      | Learned a level 3 spell: Dazzling Spray
  4032 | D:6      | Found a staircase to the Ecumenical Temple.
  4308 | D:6      | Noticed Menkaure
  4313 | D:6      | Killed Menkaure
  4318 | D:6      | Found a glowing drain.
  4342 | Sewer    | Entered a sewer
  4454 | Sewer    | Reached skill level 4 in Crossbows
  5475 | D:6      | Noticed Dowan
  5476 | D:6      | Noticed Duvessa
  5492 | D:6      | Killed Duvessa
  5495 | D:6      | Killed Dowan
  5831 | Temple   | Entered the Ecumenical Temple
  5939 | Temple   | Became a worshipper of Vehumet
  6205 | D:7      | Reached skill level 5 in Invocations
  6381 | D:7      | Reached XP level 10. HP: 73/73 MP: 16/20
  6570 | D:7      | Reached * piety under Vehumet
  6570 | D:7      | Offered knowledge of Freeze by Vehumet.
  6717 | D:7      | Learned a level 1 spell: Freeze
  6964 | D:8      | Noticed a two-headed ogre
  6980 | D:8      | Killed a two-headed ogre
  6980 | D:8      | Reached skill level 5 in Fighting
  6980 | D:8      | Reached skill level 5 in Short Blades
  6980 | D:8      | Reached skill level 5 in Long Blades
  6980 | D:8      | Reached skill level 5 in Axes
  6980 | D:8      | Reached skill level 5 in Maces & Flails
  6980 | D:8      | Reached skill level 5 in Polearms
  6980 | D:8      | Reached skill level 5 in Staves
  6980 | D:8      | Reached skill level 5 in Slings
  6980 | D:8      | Reached skill level 5 in Bows
  6980 | D:8      | Reached skill level 5 in Crossbows
  6980 | D:8      | Reached skill level 5 in Throwing
  6980 | D:8      | Reached skill level 5 in Armour
  6980 | D:8      | Reached skill level 5 in Shields
  6980 | D:8      | Reached skill level 5 in Unarmed Combat
  6980 | D:8      | Reached skill level 5 in Evocations
  6995 | D:8      | Noticed a seven-headed hydra
  7004 | D:8      | Killed a seven-headed hydra
  7174 | D:8      | Reached skill level 5 in Transmutations
  7230 | D:8      | Noticed Psyche
  7237 | D:8      | Killed Psyche
  7365 | D:8      | Found an iron altar of Okawaru.
  7419 | D:8      | Reached ** piety under Vehumet
  7419 | D:8      | Offered knowledge of Searing Ray by Vehumet.
  7457 | D:8      | Got a creamy pearl robe
  7468 | D:8      | Identified the +1 robe of the Chupacabra {rC+} (You found
                  | it on level 8 of the Dungeon)
  8134 | D:8      | Learned a level 2 spell: Searing Ray
  8413 | D:9      | Reached XP level 11. HP: 78/81 MP: 22/22
  8493 | D:9      | Found Sol Qiun's Antique Weapon Emporium.
  8545 | D:9      | Found a staircase to the Lair.
  8983 | D:10     | Entered Level 10 of the Dungeon
  9387 | D:10     | Noticed Urug
  9420 | D:10     | HP: 1/81 [something (16)]
  9428 | D:10     | Killed Urug
  9735 | D:10     | Reached skill level 6 in Crossbows
  9776 | D:10     | Noticed Josephine
 10008 | Lair:1   | Entered Level 1 of the Lair of Beasts
 10051 | Lair:1   | Reached skill level 5 in Conjurations
 10051 | Lair:1   | Reached skill level 5 in Hexes
 10051 | Lair:1   | Reached skill level 5 in Charms
 10051 | Lair:1   | Reached skill level 5 in Summonings
 10051 | Lair:1   | Reached skill level 5 in Necromancy
 10051 | Lair:1   | Reached skill level 5 in Translocations
 10051 | Lair:1   | Reached skill level 5 in Fire Magic
 10051 | Lair:1   | Reached skill level 5 in Ice Magic
 10051 | Lair:1   | Reached skill level 5 in Air Magic
 10051 | Lair:1   | Reached skill level 5 in Poison Magic
 10216 | Lair:1   | HP: 3/81 [yak (4)]
 10643 | Lair:1   | Offered knowledge of Mephitic Cloud by Vehumet.
 10767 | Lair:1   | Found a runed translucent door.
 10768 | Lair:1   | Found a shimmering altar of Xom.
 10768 | Lair:1   | Noticed a +0 war axe of chaos
 10768 | Lair:1   | Noticed Borbor's ghost (journeyman MiFi)
 11404 | Lair:2   | Identified the Tome of the Sinister Rocks
 11686 | Lair:2   | Reached *** piety under Vehumet
 11773 | Lair:2   | Noticed Fannar
 11795 | Lair:2   | Killed Fannar
 11795 | Lair:2   | Reached XP level 12. HP: 66/89 MP: 23/24
 12199 | Lair:2   | You fall through a shaft for 2 floors!
 12286 | Lair:4   | Noticed a seven-headed hydra
 12297 | Lair:4   | Killed a seven-headed hydra
 12297 | Lair:4   | Reached skill level 7 in Crossbows
 12658 | Lair:4   | Offered knowledge of Ignite Poison by Vehumet.
 13079 | Lair:3   | Noticed a seven-headed hydra
 13094 | Lair:3   | Killed a seven-headed hydra
 13343 | Lair:3   | Found a staircase to the Swamp.
 13398 | Lair:3   | Learned a level 3 spell: Ozocubu's Armour
 13765 | Lair:3   | Noticed Snorg
 13775 | Lair:3   | Killed Snorg
 14006 | Lair:2   | Found a hole to the Spider Nest.
 14015 | Lair:2   | Reached skill level 8 in Crossbows
 14474 | Lair:4   | Noticed a seven-headed hydra
 14485 | Lair:4   | Killed a seven-headed hydra
 16341 | Lair:5   | Noticed an eight-headed hydra
 16358 | Lair:5   | Killed an eight-headed hydra
 16536 | Lair:5   | Noticed a five-headed hydra
 16544 | Lair:5   | Killed a five-headed hydra
 16636 | Lair:5   | Reached XP level 13. HP: 86/98 MP: 10/26
 16906 | Lair:5   | Found a runed translucent door.
 16906 | Lair:5   | Noticed Wander's ghost (journeyman HuWn)
 17575 | Lair:5   | Found a staircase to the Slime Pits.
 17589 | Lair:5   | Reached skill level 9 in Crossbows
 17681 | Lair:6   | Entered Level 6 of the Lair of Beasts
 18383 | Lair:6   | Reached **** piety under Vehumet
 18756 | Lair:6   | Offered knowledge of Bolt of Magma by Vehumet.
 18763 | Lair:6   | Learned a level 5 spell: Bolt of Magma
 19253 | Lair:6   | Noticed a fire dragon
 21038 | Lair:6   | Reached skill level 10 in Crossbows
 21088 | Lair:6   | Reached skill level 10 in Spellcasting
 21269 | Lair:6   | Reached XP level 14. HP: 101/106 MP: 28/28
 21923 | Lair:6   | Reached ***** piety under Vehumet
 22000 | Lair:6   | Reached skill level 10 in Dodging
 22051 | Lair:6   | Offered knowledge of Bolt of Fire by Vehumet.
 22795 | Lair:6   | Learned a level 6 spell: Bolt of Fire
 23357 | D:10     | Killed Josephine
 23741 | D:10     | Noticed Grum
 23769 | D:10     | Killed Grum
 24034 | D:10     | Found a large runed translucent door.
 24034 | D:10     | Found a large runed translucent door.
 24064 | D:10     | Noticed Jaiteiro's ghost (novice GnFi)
 24140 | D:10     | Found Denoeme's General Store.
 24376 | D:10     | Killed Jaiteiro's ghost
 24376 | D:10     | Reached skill level 10 in Stealth
 25022 | D:11     | Found a staircase to the Orcish Mines.
 25116 | D:11     | Offered knowledge of Fulminant Prism by Vehumet.
 25133 | D:11     | Learned a level 4 spell: Fulminant Prism
 25404 | Orc:1    | Entered Level 1 of the Orcish Mines
 25404 | Orc:1    | Noticed Erica
 25417 | Orc:1    | Killed Erica
 25477 | Orc:1    | Noticed Nergalle
 25503 | Orc:1    | Killed Nergalle
 25503 | Orc:1    | Reached skill level 10 in Invocations
 25784 | Orc:1    | Found a frozen archway.
 25818 | IceCv    | Entered an ice cave
 25832 | IceCv    | Reached skill level 11 in Crossbows
 25878 | IceCv    | HP: 2/108 [wolf (9)]
 26607 | IceCv    | Noticed a frost giant
 26613 | IceCv    | Killed a frost giant
 26749 | IceCv    | Found the +8 glaive of the Guard {elec, +Rage AC+5 SInv}
 27033 | Orc:1    | Noticed Sonja
 27035 | Orc:1    | Killed Sonja
 27035 | Orc:1    | Offered knowledge of Conjure Ball Lightning by Vehumet.
 27315 | Orc:2    | Entered Level 2 of the Orcish Mines
 27383 | Orc:2    | Noticed Azrael
 27418 | Orc:1    | HP: 5/108 [Azrael/fireball (9)]
 27421 | D:11     | Slain by a hell hound

Skill      XL: |  1  2  3  4  5  6  7  8  9 10 11 12 13 14 |
---------------+-------------------------------------------+-----
Transmutations | 2 3 4 5 6 7 8 |  8.2
Spellcasting   | 5 6 7 8 9 10 | 10.6
Invocations    | 1 2 3 4 5 6 7 8 9 10 | 10.2
Fighting       | 1 2 3 4 5 6 7 8 9 |  9.4
Short Blades   | 1 2 3 4 5 6 7 8 9 |  9.4
Long Blades    | 1 2 3 4 5 6 7 8 9 |  9.4
Axes           | 1 2 3 4 5 6 7 8 9 |  9.4
Maces & Flails | 1 2 3 4 5 6 7 8 9 |  9.4
Polearms       | 1 2 3 4 5 6 7 8 9 |  9.4
Staves         | 1 2 3 4 5 6 7 8 9 |  9.4
Slings         | 1 2 3 4 5 6 7 8 9 |  9.4
Bows           | 1 2 3 4 5 6 7 8 9 |  9.4
Crossbows      | 1 2 3 4 5 6 8 10 11 | 11.3
Throwing       | 1 2 3 4 5 6 7 8 9 |  9.4
Armour         | 1 2 3 4 5 6 7 8 9 |  9.4
Shields        | 1 2 3 4 5 6 7 8 9 |  9.4
Unarmed Combat | 1 2 3 4 5 6 7 8 9 |  9.4
Evocations     | 1 2 3 4 5 6 7 8 9 |  9.4
Conjurations   | 1 2 3 4 5 6 7 |  7.9
Hexes          | 1 2 3 4 5 6 7 |  7.9
Charms         | 1 2 3 4 5 6 7 |  7.9
Summonings     | 1 2 3 4 5 6 7 |  7.9
Necromancy     | 1 2 3 4 5 6 7 |  7.9
Translocations | 1 2 3 4 5 6 7 |  7.9
Fire Magic     | 1 2 3 4 5 6 7 |  7.9
Ice Magic      | 1 2 3 4 5 6 7 |  7.9
Air Magic      | 1 2 3 4 5 6 7 |  7.9
Poison Magic   | 1 2 3 4 5 6 7 |  7.9
Dodging        | 5 6 7 8 9 10 | 10.4
Stealth        | 5 6 7 8 9 10 | 10.3
Earth Magic    | 6 7 8 9 |  9.6

Action                   |  1- 3 |  4- 6 |  7- 9 | 10-12 | 13-15 || total
-------------------------+-------+-------+-------+-------+-------++-------
Melee: Club              |     4 |     4 |       |       |       ||     8
       Dagger            |       |    12 |       |       |       ||    12
       Bite              |       |     7 |     9 |    24 |    69 ||   109
       Quarterstaff      |       |    22 |   141 |   257 |   189 ||   609
       Dire flail        |       |       |       |       |   478 ||   478
       Glaive            |       |       |       |       |     6 ||     6
Throw: Stone             |     5 |       |       |       |     3 ||     8
 Cast: Sandblast         |    39 |    62 |    85 |    82 |    12 ||   280
       Stone Arrow       |       |     5 |    51 |    63 |    15 ||   134
       Petrify           |       |     1 |       |     1 |       ||     2
       Dazzling Spray    |       |       |    53 |   155 |   166 ||   374
       Searing Ray       |       |       |       |    43 |    35 ||    78
       Lee's Rapid Decon |       |       |       |     8 |     6 ||    14
       Freeze            |       |       |       |     1 |     7 ||     8
       Ozocubu's Armour  |       |       |       |     3 |     8 ||    11
       Bolt of Magma     |       |       |       |       |    54 ||    54
       Bolt of Fire      |       |       |       |       |    68 ||    68
  Use: Scroll            |     3 |     5 |    13 |    14 |     6 ||    41
       Potion            |       |       |     1 |     6 |     9 ||    16
 Stab: Sleeping          |     1 |       |     1 |       |     2 ||     4
       Invisible         |       |       |     1 |     8 |    10 ||    19
       Paralysed         |       |       |       |       |     2 ||     2
  Eat: Chunk             |     1 |     4 |    16 |    23 |    49 ||    93
       Ration            |       |       |       |     3 |     7 ||    10
Armor: Robe              |     3 |       |       |   131 |   308 ||   442
       Scale mail        |     6 |    13 |       |       |       ||    19
       Leather armour    |       |     2 |    50 |    16 |       ||    68
       Skin              |       |       |       |       |    12 ||    12
Dodge: Dodged            |    10 |    22 |   162 |   624 |  1103 ||  1921
